 Dungeon Crawl Stone Soup version 0.20-a0-270-g8e735b6 (webtiles) character file.

5067 Leibowitz the Sneak (level 10, -1/84 HPs)
             Began as a Demigod Gladiator on Dec 10, 2016.
             Slain by a wight
             ... wielding a cursed +0 trident
              (3 damage)
             ... on level 9 of the Dungeon.
             The game lasted 00:27:22 (9038 turns).

Leibowitz the Sneak (Demigod Gladiator)             Turns: 9038, Time: 00:27:23

Health: -1/84      AC:  9    Str: 23    XL:     10   Next: 10%
Magic:  14/14      EV: 20    Int: 12    God:
Gold:   66         SH:  0    Dex: 25    Spells: 10/11 levels left

rFire  + . .     SeeInvis .     a - +2 dagger (venom)
rCold  . . .     Gourm    .     b - +0 leather armour
rNeg   . . .     Faith    .     (no shield)
rPois  +         Spirit   .     c - +0 helmet
rElec  .         Reflect  .     y - +1 cloak {rPois}
rCorr  .         Harm     .     (no gloves)
MR     +....                    J - +0 pair of boots of Beauty {rF+}
Stlth  ++++......               (no amulet)
                                g - +3 ring of strength
                                h - +2 ring of protection

@: agile, very heavily drained
A: high mp 1
a: no special abilities


You were on level 9 of the Dungeon.
You were hungry.

You visited 1 branch of the dungeon, and saw 9 of its levels.

You collected 564 gold pieces.
You spent 498 gold pieces at shops.

Inventory:

Hand Weapons
 a - a +2 dagger of venom (weapon)
 m - a +0 rapier
Missiles
 p - 22 poisoned needles
 u - 6 javelins (quivered)
Armour
 b - a +0 leather armour (worn)
 c - a +0 helmet (worn)
 y - a +1 cloak of poison resistance (worn)
 C - a +0 pair of boots
 J - the +0 pair of boots of Beauty (worn) {rF+}
   (You bought it in a shop on level 7 of the Dungeon)

   It protects you from fire.
Jewellery
 g - a +3 ring of strength (right hand)
 h - a +2 ring of protection (left hand)
 k - an uncursed ring of magical power
Wands
 j - a wand of iceblast (8/15)
 B - a wand of disintegration (9/24)
Scrolls
 i - 6 scrolls of remove curse
 l - 2 scrolls of fear
 n - a scroll of brand weapon {unknown}
 o - 3 scrolls of identify
 s - a scroll of amnesia
 w - 2 scrolls of enchant armour
 E - a scroll of fog
 H - a scroll of blinking {unknown}
 L - a scroll of summoning {unknown}
Potions
 e - 2 potions of might
 q - a potion of haste
 r - a potion of curing
 t - a potion of lignification
 A - 2 potions of flight
 G - a potion of agility
 I - a potion of magic {unknown}
Books
 v - a book of Misfortune

   Spells                             Type                      Level
   a - Confusing Touch                Hexes                        1
   b - Confuse                        Hexes                        3
   c - Gell's Gravitas                Hexes/Translocation          3
   d - Petrify                        Transmutation/Earth          4
   e - Metabolic Englaciation         Hexes/Ice                    5
   f - Yara's Violent Unravelling     Hexes/Transmutation          5
 z - a book of Air

   Spells                             Type                      Level
   a - Shock                          Conjuration/Air              1
   b - Swiftness                      Charms/Air                   2
   c - Repel Missiles                 Charms/Air                   2
   d - Static Discharge               Conjuration/Air              3
   e - Lightning Bolt                 Conjuration/Air              5
 F - a book of Minor Magic

   Spells                             Type                      Level
   a - Magic Dart                     Conjuration                  1
   b - Blink                          Translocation                2
   c - Call Imp                       Summoning                    2
   d - Repel Missiles                 Charms/Air                   2
   e - Slow                           Hexes                        2
   f - Conjure Flame                  Conjuration/Fire             3
   g - Mephitic Cloud                 Conjuration/Poison/Air       3
Comestibles
 f - 5 bread rations
 x - 4 meat rations
 D - a beef jerky


   Skills:
 * Level 6.3(3.3) Fighting
 + Level 7.0(3.9) Short Blades
 + Level 2.3(0.0) Throwing
 + Level 4.1(1.3) Armour
 * Level 7.0(3.9) Dodging
 * Level 7.6(4.4) Stealth
 + Level 1.0(0.0) Spellcasting
 + Level 1.0(0.0) Hexes
 + Level 0.1(0.0) Evocations


You had 10 spell levels left.
You knew the following spells:

 Your Spells              Type           Power        Failure   Level  Hunger
a - Confusing Touch       Hex            #.....       38%         1    ##.....


Dungeon Overview and Level Annotations

Branches:
Dungeon (9/15)             Temple (0/1) D:6            Lair (0/6) D:9
    Orc: D:9-12

Shops:
D:5 :   D:6 :   D:7 [   D:8 [

Annotations:
D:3 Leibowitz's ghost, amateur DgGl
D:4 Leibowitz's ghost, amateur DgGl
D:5 Leibowitz's ghost, amateur DgGl


Innate Abilities, Weirdness & Mutations

You have an increased reservoir of magic. (+10% MP)


Message History

* * * LOW HITPOINT WARNING * * *
You hit the wight.
The wight is severely damaged.
You barely miss the wight.
The wight is severely damaged.
The wight hits you with a trident.
* * * LOW HITPOINT WARNING * * *
You hit the wight but do no damage.
The wight is severely damaged.
The wight misses you.
You feel better. The wight hits you with a trident.
* * * LOW HITPOINT WARNING * * *
You feel drained.
* * * LOW HITPOINT WARNING * * *
It was a potion of agility.
You feel agile all of a sudden. The wight hits you with a trident!
* * * LOW HITPOINT WARNING * * *
You feel drained.
You die...

#. #. ###.#####
........####### .
..............# . #. #.#
#. #.###@## # #. #..))z.#
#.# .##.#.# #####..# #.#
....... ####..####.#
.......#####...(...##.#
..(.....z.z.Z.####.##.#
......(...Y...#((#..#.#
.......####._.#..#..#.###
....... #...#..#......#


You could see a wight and 2 dancing weapons.

Vanquished Creatures
  A hill giant (D:7)
  Pikel (D:7)
  Joseph (D:7)
  A troll (D:8)
  A two-headed ogre (D:9)
  A hippogriff (D:5)
  2 hell hounds (D:9)
  A sky beast (D:8)
  2 black bears
  An ice beast (D:9)
  2 phantoms
  2 slaves (D:7)
  3 centaurs
  3 ogres
  4 bullfrogs
  A wyvern skeleton (D:7)
  3 scorpions
  A water moccasin skeleton (D:8)
  2 wights (D:9)
  2 howler monkeys (D:7)
  3 crimson imps
  2 bullfrog zombies (D:5)
  A quasit (D:5)
  A centaur zombie (D:7)
  9 hounds
  An orc priest (D:8)
  3 jellies
  An orc wizard (D:7)
  2 bullfrog skeletons
  A centaur skeleton (D:5)
  Jessica (D:2)
  4 iguanas
  8 worker ants
  A howler monkey zombie (D:9)
  A worker ant zombie (D:8)
  Robin (D:2)
  4 gnolls
  9 adders
  3 shadow imps
  2 oozes
  2 adder zombies
  An adder skeleton (D:5)
  3 leopard geckos
  6 orcs
  3 ball pythons
  8 bats
  8 giant cockroaches
  2 gnoll zombies (D:6)
  14 goblins
  5 hobgoblins
  28 jackals
  5 kobolds
  5 quokkas
  4 frilled lizards
  2 jackal skeletons
  A leopard gecko zombie (D:5)
  A rat (D:3)
191 creatures vanquished.

Vanquished Creatures (others)
  A necrophage (D:7)
  3 bullfrogs (D:7)
  An orc (D:7)
  2 jackals (D:7)
7 creatures vanquished.

Grand Total: 198 creatures vanquished

Notes
Turn   | Place    | Note
-------+----------+-------------------------------------------
     0 | D:1      | Leibowitz the Demigod Gladiator began the quest for the Orb.
     0 | D:1      | Reached XP level 1. HP: 17/17 MP: 3/3
    91 | D:1      | Reached XP level 2. HP: 19/24 MP: 4/4
   183 | D:1      | Reached skill level 1 in Stealth
   293 | D:1      | Reached XP level 3. HP: 28/29 MP: 5/5
   811 | D:2      | Noticed Robin
   842 | D:2      | Reached XP level 4. HP: 22/36 MP: 6/6
   848 | D:2      | Killed Robin
  1058 | D:2      | Found an ancient bone altar of Kikubaaqudgha.
  1213 | D:2      | Noticed Jessica
  1222 | D:2      | Killed Jessica
  1222 | D:2      | Reached skill level 1 in Armour
  1563 | D:3      | Noticed Leibowitz's ghost (amateur DgGl)
  1686 | D:4      | Reached XP level 5. HP: 17/41 MP: 7/7
  1830 | D:4      | Found a shadowy altar of Dithmenos.
  1843 | D:4      | Noticed Leibowitz's ghost (amateur DgGl)
  2183 | D:5      | Entered Level 5 of the Dungeon
  2229 | D:5      | Reached XP level 6. HP: 21/50 MP: 8/8
  2483 | D:5      | Noticed Leibowitz's ghost (amateur DgGl)
  2938 | D:5      | Found a stormy altar of Qazlal.
  3158 | D:5      | Reached XP level 7. HP: 29/56 MP: 9/9
  3455 | D:5      | Noticed a hippogriff
  3472 | D:5      | Killed a hippogriff
  3485 | D:5      | HP: 1/57 [adder skeleton (3)]
  3828 | D:5      | Found Wuseluergh's Book Boutique.
  4441 | D:6      | Found a burning altar of Makhleb.
  4475 | D:6      | Reached skill level 5 in Dodging
  4527 | D:6      | Reached XP level 8. HP: 61/66 MP: 10/10
  4561 | D:6      | Reached skill level 5 in Short Blades
  4666 | D:6      | Learned a level 1 spell: Confusing Touch
  4749 | D:6      | You fall through a shaft for 3 floors!
  4749 | D:9      | Found a white marble altar of Elyvilon.
  4749 | D:9      | Found a sacrificial altar of Ru.
  4749 | D:9      | Found an iron altar of Okawaru.
  4829 | D:8      | Found Ullode's Antique Armour Emporium.
  4864 | D:8      | Bought a runed cloak for 346 gold pieces
  4911 | D:8      | Noticed a troll
  4931 | D:7      | Found Ifoa's Antique Armour Boutique.
  4936 | D:7      | Noticed Pikel
  5040 | D:7      | Killed Pikel
  5040 | D:7      | Reached skill level 5 in Stealth
  5471 | D:7      | Noticed Joseph
  5491 | D:7      | Killed Joseph
  5491 | D:7      | Reached skill level 1 in Hexes
  5491 | D:7      | Reached XP level 9. HP: 29/72 MP: 13/13
  5734 | D:7      | Reached skill level 1 in Spellcasting
  5952 | D:7      | Noticed a hill giant
  6006 | D:7      | Killed a hill giant
  6006 | D:7      | Reached skill level 5 in Fighting
  6200 | D:7      | Found a blossoming altar of Fedhas.
  6483 | D:6      | Found Rathreole's Book Boutique.
  6561 | D:6      | Found a staircase to the Ecumenical Temple.
  6934 | D:6      | Found a basalt altar of Yredelemnul.
  7783 | D:8      | Found a hazy altar of Hepliaklqana.
  8272 | D:7      | Bought a pair of faintly humming boots for 152 gold pieces
  8282 | D:7      | Identified the +0 pair of boots of Beauty {rF+} (You bought it in a shop on level 7 of the Dungeon)
  8414 | D:9      | Found a staircase to the Lair.
  8708 | D:9      | Reached XP level 10. HP: 72/83 MP: 14/14
  8890 | D:9      | Noticed a hand axe
  8891 | D:9      | Noticed a dagger
  8903 | D:9      | Found a hide-covered altar of Uskayaw.
  9038 | D:9      | HP: 2/84 [wight/trident (7)]
  9038 | D:9      | Slain by a wight

Vault maps used:
D:1:      tarquinn_simple_flora_water_a
D:2:      kiku_gazebo_pond_becter, uniq_jessica, uniq_robin
D:3:      first_bread, uniq_sigmund
D:4:      old_standard_altar, kennysheep_mini, kennysheep_crisscross
D:5:      kennysheep_little_box, serial_shops, shop_coins,
          minmay_misc_feat_doors, solitary_fountain, roderic_roman_lattice
D:6:      bloody_makhleb, lemuel_zombie_altar_yredelemnul, serial_shops, shop
D:7:      minmay_opposing_rooms, fedhas_altar_3, serial_shops,
          nicolae_shop_overgrown_old_shop, uniq_joseph, uniq_pikel
D:8:      lemuel_crystal_altar, serial_shops,
          nicolae_shop_temple_entry_statues_fountains
D:9:      dancing_weapons_uskayaw, minitemple, minmay_lair_entry_lava

Skill      XL: |  1  2  3  4  5  6  7  8  9 10 |
---------------+-------------------------------+-----
Dodging        | 3 4 5 6 7 |  7.0
Stealth        | 1 2 3 4 6 7 |  7.6
Throwing       | 2 |  2.3
Short Blades   | 3 4 6 7 |  7.0
Fighting       | 2 3 4 6 |  6.3
Armour         | 1 2 3 4 |  4.1
Hexes          | 1 |  1.0
Spellcasting   | 1 |  1.0
Evocations     | |  0.1

Action                   |  1- 3 |  4- 6 |  7- 9 | 10-12 || total
-------------------------+-------+-------+-------+-------++-------
Melee: Rapier            |    71 |       |       |       ||    71
       Dagger            |    50 |   186 |   574 |   124 ||   934
       Unarmed           |       |       |     3 |       ||     3
Throw: Throwing net      |       |       |     7 |     1 ||     8
 Cast: Confusing Touch   |       |       |     4 |       ||     4
Evoke: Wand              |       |       |     1 |       ||     1
  Use: Scroll            |       |     3 |     5 |       ||     8
       Potion            |       |       |    10 |     2 ||    12
 Stab: Sleeping          |     3 |     6 |    12 |       ||    21
       Held in net/web   |       |       |     2 |       ||     2
       Confused          |       |       |     1 |       ||     1
       Distracted        |       |       |     1 |       ||     1
  Eat: Chunk             |       |     7 |    18 |     1 ||    26
Armor: Leather armour    |    22 |    23 |    92 |    20 ||   157
Dodge: Dodged            |    79 |   137 |   303 |    85 ||   604
